 Dungeon Crawl Stone Soup version 0.25-a0-67-g7dccc1bee0 (webtiles) character file.

Game seed: 6654252308695499218, levelgen mode: deterministic

1062 iamserjio the Ducker (level 8, 0/78 HPs)
             Began as an Octopode Wizard on Nov 1, 2019.
             Was a Believer of Sif Muna.
             Slain by an orc priest
             ... wielding a +0 dagger
              (1 damage)
             ... on level 7 of the Dungeon.
             The game lasted 00:11:42 (6812 turns).

iamserjio the Ducker (Octopode Wizard)              Turns: 6812, Time: 00:11:42

Health: 0/78       AC:  1    Str: 11    XL:     8   Next: 27%
Magic:  10/13      EV: 18    Int: 22    God:    Sif Muna [**....]
Gold:   25         SH:  0    Dex: 19    Spells: 2/13 levels left

rFire    . . .     SeeInvis .   z - +4 dagger of Mubrerid {pierce, *Corrode Dex+8}
rCold    . . .     Gourm    .   (no shield)
rNeg     . . .     Faith    .   a - +0 hat
rPois    .         Spirit   .   (no amulet)
rElec    .         Reflect  .   n - ring of flight
rCorr    +         Harm     .   v - ring of stealth
MR       .....                  y - ring of stealth
Stlth    ..........             C - ring of wizardry
HPRegen  0.23/turn              D - ring of wizardry
MPRegen  0.13/turn              F - ring of resist corrosion
                                (no ring)
                                (no ring)

@: confused, berserking, very quick
A: almost no armour, stealthy swim, amphibious, 8 rings, constrict 8, camouflage
1, gelatinous body 1
a: Channel Magic, Renounce Religion, Evoke Flight


You were on level 7 of the Dungeon.
You worshipped Sif Muna.
Sif Muna was pleased with you.
You were very hungry.

You visited 1 branch of the dungeon, and saw 7 of its levels.

You collected 199 gold pieces.
You spent 174 gold pieces at shops.

Inventory:

Hand Weapons
 e - a +0 dagger
 g - a +0 dagger of electrocution
 k - a +1 dagger of holy wrath
 z - the +4 dagger of Mubrerid (weapon) {pierce, *Corrode Dex+8}
   (You found it on level 5 of the Dungeon)

   It inflicts extra damage upon your enemies.
   It affects your dexterity (+8).
   It may corrode you when you take damage.
Missiles
 h - 132 arrows
 i - 158 stones (quivered)
 u - 3 javelins
 E - 4 boomerangs of dispersal
Armour
 a - a +0 hat (worn)
Jewellery
 n - a ring of flight (left tentacle)
 v - a ring of stealth (right tentacle)
 y - a ring of stealth (on tentacle)
 C - a ring of wizardry (on tentacle)
 D - a ring of wizardry (on tentacle)
 F - a ring of resist corrosion (on tentacle)
Wands
 A - a wand of scattershot (2)
Scrolls
 b - 5 scrolls of magic mapping {unknown}
 d - 3 scrolls of enchant armour {unknown}
 m - 2 scrolls of remove curse {unknown}
 p - a scroll of noise {unknown}
 r - a scroll of immolation {unknown}
 w - a scroll of enchant weapon {unknown}
 B - 2 scrolls of teleportation {@r3}
Potions
 l - a potion of flight
 o - 2 potions of might
Comestibles
 c - 4 rations


   Skills:
 - Level 3.0 Fighting
 * Level 6.4 Dodging
 - Level 2.6 Stealth
 - Level 3.3 Spellcasting
 - Level 1.8 Conjurations
 - Level 2.1 Summonings
 - Level 3.1 Translocations
 - Level 1.2 Fire Magic
 - Level 3.0 Air Magic
 - Level 1.0 Poison Magic
 - Level 2.1 Evocations


You had 2 spell levels left.
You knew the following spells:

 Your Spells              Type           Power        Failure   Level  Hunger
a - Magic Dart            Conj           ##..         1%          1    None
b - Blink                 Tloc           N/A          1%          2    ##.....
c - Conjure Flame         Conj/Fire      ##......     5%          3    ###....
d - Call Imp              Summ           ##......     2%          2    ##.....
e - Mephitic Cloud        Conj/Pois/Air  ##......     4%          3    ###....

Your spell library contained the following spells:

 Spells                   Type           Power        Failure   Level  Hunger
 Slow                     Hex            #.......     5%          2    ##.....


Dungeon Overview and Level Annotations

Branches:
Dungeon (7/15)
 Temple: D:4-7

Altars:
Kikubaaqudgha
Sif Muna
Uskayaw
Xom

Shops:
D:5 *

Annotations:
D:2 exclusion: kobold, Sigmund


Innate Abilities, Weirdness & Mutations

You cannot wear most types of armour.
You are very stealthy in the water. (Stealth+)
You are amphibious.
You can wear up to eight rings at the same time.
You can use your tentacles to constrict eight enemies at once.
Your skin changes colour to match your surroundings (Stealth+).
Your rubbery body absorbs attacks. (AC +1, EV +1)


Message History

The orc wizard is engulfed in noxious fumes.
The orc wizard appears confused.
The orc wizard completely misses you.
The orc priest hits you with a +0 dagger.
* * * LOW HITPOINT WARNING * * *
An orc comes into view. It is wielding a +0 whip.
A red film seems to cover your vision as you go berserk!
You feel yourself moving faster!
You feel mighty!
You are engulfed in noxious fumes.
You choke on the stench!
You are more confused.
The orc wizard is engulfed in noxious fumes.
The orc wizard appears confused.
The orc wizard hits you with a +0 dagger.
* * * LOW HITPOINT WARNING * * *
The orc priest hits you but does no damage.
You bump into the rock wall.
You feel a strong urge to attack something.
The orc wizard is engulfed in noxious fumes.
The orc wizard appears confused.
The orc wizard misses you.
The orc priest hits you with a +0 dagger.
You die...

###############.##
+..○o○......<....#
#.o○o@.....###.#.#
.......#########
.. ....... #..
....... .# .......
# ....o.o .......
.....#+


You could see an orc priest, an orc wizard (confused) and an orc.

Vanquished Creatures
  Grinder (D:3)
  A slave (D:7)
  2 ogres (D:5)
  A centaur (D:5)
  A scorpion (D:4)
  A crimson imp (D:5)
  2 bullfrog skeletons
  Ijyb (D:3)
  An iguana (D:5)
  3 orc wizards
  2 worker ants (D:5)
  A gnoll (D:1)
  8 adders
  2 oozes
  An adder zombie (D:5)
  An adder skeleton (D:4)
  3 worms
  5 dart slugs
  3 leopard geckos
  11 orcs
  10 bats
  10 giant cockroaches
  9 hobgoblins
  14 jackals
  6 kobolds
  A quokka (D:3)
  3 ball pythons
  9 frilled lizards
  9 goblins
  A leopard gecko skeleton (D:5)
  10 rats
133 creatures vanquished.

Vanquished Creatures (collateral kills)
  An ogre (D:4)
  An orc wizard (D:4)
  An orc (D:4)
  2 jackals (D:4)
  A ball python (D:4)
6 creatures vanquished.

Grand Total: 139 creatures vanquished

Notes
Turn   | Place    | Note
-------+----------+-------------------------------------------
     0 | D:1      | iamserjio the Octopode Wizard began the quest for the Orb.
     0 | D:1      | Reached XP level 1. HP: 11/11 MP: 4/4
   168 | D:1      | Reached skill level 1 in Fighting
   168 | D:1      | Reached XP level 2. HP: 18/18 MP: 1/6
   544 | D:1      | Reached XP level 3. HP: 24/24 MP: 0/7
   675 | D:1      | Reached skill level 3 in Dodging
  1115 | D:2      | Learned a level 2 spell: Blink
  1119 | D:2      | Learned a level 3 spell: Conjure Flame
  1122 | D:2      | Learned a level 2 spell: Call Imp
  1161 | D:2      | Noticed Sigmund
  1247 | D:2      | Reached XP level 4. HP: 29/29 MP: 8/8
  1727 | D:2      | Found an ancient bone altar of Kikubaaqudgha.
  1971 | D:2      | Reached XP level 5. HP: 19/35 MP: 9/9
  2457 | D:2      | Found a shimmering blue altar of Sif Muna.
  2458 | D:2      | Found a hide-covered altar of Uskayaw.
  2462 | D:2      | Became a worshipper of Sif Muna the Loreminder
  3109 | D:3      | Noticed Ijyb
  3121 | D:4      | Noticed an ogre
  3361 | D:4      | Reached XP level 6. HP: 21/41 MP: 1/11
  3517 | D:4      | Learned a level 3 spell: Mephitic Cloud
  3554 | D:4      | Reached skill level 4 in Dodging
  3554 | D:4      | Reached skill level 1 in Fire Magic
  3587 | D:4      | Reached skill level 1 in Air Magic
  3587 | D:4      | Reached skill level 1 in Poison Magic
  3647 | D:4      | Reached * piety under Sif Muna
  3759 | D:4      | Reached XP level 7. HP: 40/46 MP: 7/12
  4230 | D:3      | Killed Ijyb
  5138 | D:3      | Noticed Grinder
  5177 | D:3      | Killed Grinder
  5177 | D:3      | Reached skill level 5 in Dodging
  5177 | D:3      | Reached skill level 1 in Evocations
  5201 | D:3      | Found a shimmering altar of Xom.
  5346 | D:5      | Entered Level 5 of the Dungeon
  5619 | D:5      | Reached ** piety under Sif Muna
  5619 | D:5      | Reached XP level 8. HP: 29/52 MP: 5/13
  6048 | D:5      | Reached skill level 6 in Dodging
  6358 | D:5      | Got a dazzling dagger
  6582 | D:5      | Found Odisk's Assorted Antiques.
  6585 | D:5      | Bought a tubular garnet ring for 145 gold pieces
  6588 | D:5      | Bought a scroll labeled DUAFUYDEDI for 29 gold pieces
  6593 | D:5      | Identified the +4 dagger of Mubrerid {pierce, *Corrode
                  | Dex+8} (You found it on level 5 of the Dungeon)
  6810 | D:7      | HP: 2/52 [orc priest/+0 dagger (1)]
  6812 | D:7      | Slain by an orc priest

Levels and vault maps discovered:
D:1:      co_arrival_random_square_maze, layout_rooms, grunt_decor_cap,
          minmay_hexomino_c4
D:2:      layout_rooms, lemuel_crystal_altar, gammafunk_temple_overflow_statue,
          serial_curves, eino_curves_03, eino_curves_02, uniq_sigmund
D:3:      layout_loops_ring, amethyst_killhole, kennysheep_another_room,
          chequers_serial_rivers_micro_b, tgw_xom, uniq_grinder, uniq_ijyb
D:4:      layout_cave_pools, first_ration
D:5:      layout_loops_cross, serial_shops, shop, minmay_between
D:6:      layout_cave_pools, elyvilon_altar_4, serial_glass, glass_columns_c,
          glass_columns_b, kennysheep_generic_room_9
D:7:      layout_basic, lemuel_coloured_pillars_altar,
          minmay_temple_entry_statues_pillars, serial_shops, shop, uniq_pikel

Skill      XL: |  1  2  3  4  5  6  7  8 |
---------------+-------------------------+-----
Fighting       | 1 2 3 |  3.0
Dodging        | 3 4 5 6 |  6.4
Summonings     | 2 |  2.1
Fire Magic     | 1 |  1.2
Air Magic      | 1 3 |  3.0
Poison Magic   | 1 |  1.0
Translocations | 2 3 |  3.1
Evocations     | 1 2 |  2.1
Stealth        | |  2.6
Spellcasting   | |  3.3
Conjurations   | |  1.8

Action                   |  1- 3 |  4- 6 |  7- 9 || total
-------------------------+-------+-------+-------++-------
Melee: Dagger            |    48 |   138 |    55 ||   241
       Constrict         |    16 |    34 |    10 ||    60
       Tentacles         |     5 |    15 |     8 ||    28
       Unarmed           |     1 |       |       ||     1
 Cast: Magic Dart        |    50 |    57 |   110 ||   217
       Conjure Flame     |       |     1 |       ||     1
       Call Imp          |       |     9 |     5 ||    14
       Mephitic Cloud    |       |       |     4 ||     4
Evoke: Wand              |       |       |     2 ||     2
  Use: Scroll            |       |       |     5 ||     5
       Potion            |       |       |     5 ||     5
 Stab: Sleeping          |     5 |     6 |     2 ||    13
       Confused          |       |       |     3 ||     3
  Eat: Chunk             |     1 |     8 |     9 ||    18
Armor: Skin              |    11 |     4 |     5 ||    20
Dodge: Dodged            |    42 |    97 |    48 ||   187

Table legend:
 A = Non-vault XP
 B = Vault XP
 C = Vault XP percentage of total XP
 D = Non-vault monster count
 E = Vault monster count
 F = Vault count percentage of total count
                 A         B        C        D         E       F
            +---------+---------+-------+---------+---------+-------
      Total |    1098 |     420 |  27.7 |     124 |      14 |  10.1
            +---------+---------+-------+---------+---------+-------
        D:1 |      64 |      10 |  13.5 |      29 |       6 |  17.1
        D:2 |     101 |       0 |   0.0 |      24 |       0 |   0.0
        D:3 |     180 |     288 |  61.5 |      33 |       7 |  17.5
        D:4 |     357 |       0 |   0.0 |      26 |       0 |   0.0
        D:5 |     396 |     122 |  23.6 |      12 |       1 |   7.7
            +---------+---------+-------+---------+---------+-------
